 Dungeon Crawl Stone Soup version 0.18-a0-844-g9229740 (webtiles) character file.

960 M4edhros the Covert (level 8, -4/48 HPs)
             Began as an Octopode Artificer on Dec 18, 2015.
             Slain by an orc warrior
             ... wielding a +0 short sword
              (23 damage)
             ... on level 6 of the Dungeon.
             The game lasted 00:05:49 (4195 turns).

M4edhros the Covert (Octopode Artificer)            Turns: 4195, Time: 00:05:49

Health: -4/48      AC:  1    Str: 10    XL:     8   Next: 14%
Magic:  11/11      EV:  8    Int: 17    God:
Gold:   266        SH:  0    Dex: 12    Spells: 0 memorised, 7 levels left

rFire  . . .     SeeInvis .     m - +2 dagger (venom)
rCold  . . .     Gourm    .     r - +0 buckler
rNeg   . . .     Faith    .     (helmet restricted)
rPois  .         Spirit   .     n - amulet of rage
rElec  .         Dismiss  .     k - -5 ring of evasion
rCorr  .         Reflect  .     l - ring of invisibility
SustAt .         Harm     .     (no ring)
MR     .....                    (no ring)
Stlth  +++.......               (no ring)
                                (no ring)
                                (no ring)
                                (no ring)

@: confused, not resistant to hostile enchantments, fairly stealthy
A: almost no armour, amphibious, 8 rings, constrict 8, camouflage 1, gelatinous
body 1
a: Evoke Berserk Rage, Evoke Invisibility


You were on level 6 of the Dungeon.
You were not hungry.

You visited 1 branch of the dungeon, and saw 6 of its levels.
You also visited: Sewer.

You collected 266 gold pieces.

Inventory:

Hand Weapons
 a - a +0 short sword
 e - a +0 hunting sling
 m - a +2 dagger of venom (weapon)
 q - a +3 quarterstaff of protection
Missiles
 g - 95 stones (quivered)
 o - 11 sling bullets
 u - 10 sling bullets of frost
Armour
 r - a +0 buckler (worn)
Jewellery
 k - a -5 ring of evasion (left tentacle)
 l - a ring of invisibility (right tentacle)
 n - an amulet of rage (around mantle)
Wands
 b - a wand of flame (10)
 c - a wand of enslavement (15)
 d - a wand of random effects (9)
Scrolls
 j - a scroll of random uselessness {unknown}
 p - 5 scrolls of identify {unknown}
 s - 3 scrolls of teleportation {unknown}
 t - a scroll of acquirement {unknown}
Comestibles
 f - 3 bread rations
 i - 2 meat rations
 v - a chunk of flesh


   Skills:
 - Level 1.0 Fighting
 - Level 1.0 Short Blades
 * Level 3.1 Slings
 + Level 4.1 Dodging
 * Level 8.2 Stealth
 * Level 3.0 Shields
 + Level 5.2 Evocations


You had 7 spell levels left.
You didn't know any spells.

Dungeon Overview and Level Annotations

Branches:
Dungeon (6/15)
 Temple: D:4-7

Altars:
Zin


Innate Abilities, Weirdness & Mutations

You cannot wear most types of armour.
You are amphibious.
You can wear up to eight rings at the same time.
You can use your tentacles to constrict eight enemies at once.
Your skin changes colour to match your surroundings (Stealth).
Your rubbery body absorbs attacks (AC +1).


Message History

Your squeeze misses the orc. The orc hits you but does no damage.
The orc wizard mumbles some strange words.
The orc wizard flickers and vanishes!
Deactivating autopickup; reactivate with Ctrl-A.
Drink which item? (? for menu, Esc to quit)
It was a potion of ambrosia.
You are confused.
You feel invigorated. The orc warrior barely misses you.
You aren't carrying any potions.
You're too confused!
You bump into the rock wall.
The orc warrior hits you with a short sword!!
You hit the orc warrior but do no damage.
The orc warrior is poisoned.
The orc warrior hits you with a short sword.
You bump into the rock wall.
The orc warrior hits you with a short sword!!
You bump into the rock wall.
The orc warrior hits you with a short sword!!
You die...

..........#
##.#########.$.#####
##.########........#
....................
.#.########<.... #.# .#.#
#....# #.# # .#.###
#....###.#.####. .....#
#.....##.#...... #..#.#
#.....@o{../# .#.#.#
#.....##o#.## ##.#.#
#....###.oo#
#.#.######.#.....o.......
#.#........#.####..####..
#.#######֠.......o# #.#
#...#.#####.# #.#
#......... o#
#.######...#.#### .#


You could see an orc warrior, an orc wizard and 2 orcs.

Vanquished Creatures
  A sky beast (D:5)
  A phantom (D:5)
  2 ogres (D:4)
  A water moccasin skeleton (D:5)
  A scorpion (D:5)
  A crimson imp (D:5)
  2 orc priests (D:4)
  2 orc wizards (D:4)
  A giant frog skeleton (D:5)
  2 hounds (D:6)
  A gnoll shaman (D:4)
  Natasha (D:2)
  A hound skeleton (D:4)
  5 adders
  3 gnolls (D:4)
  3 oozes (Sewer)
  2 adder skeletons (D:4)
  7 worms
  2 giant geckos (D:4)
  11 orcs
  4 goblins
  4 hobgoblins (D:2)
  2 quokkas
  4 ball pythons (Sewer)
  9 bats
  2 giant cockroaches (Sewer)
  3 giant newts
  8 jackals
  A kobold (D:3)
  A rat (D:3)
88 creatures vanquished.

Notes
Turn   | Place    | Note
--------------------------------------------------------------
     0 | D:1      | M4edhros the Octopode Artificer began the quest for the Orb.
     0 | D:1      | Reached XP level 1. HP: 13/13 MP: 3/3
    96 | D:1      | Reached XP level 2. HP: 8/18 MP: 4/4
   683 | D:2      | Noticed Natasha
   692 | D:2      | Killed Natasha
   692 | D:2      | Reached XP level 3. HP: 20/23 MP: 5/5
   824 | D:4      | Reached XP level 4. HP: 26/28 MP: 6/6
   888 | D:4      | Reached skill level 4 in Stealth
   974 | D:4      | Noticed an ogre
   984 | D:4      | Killed an ogre
   984 | D:4      | Reached skill level 5 in Stealth
   984 | D:4      | Reached XP level 5. HP: 18/33 MP: 6/8
  1134 | D:4      | Found a glowing drain.
  1141 | Sewer    | Entered a sewer
  1806 | D:4      | Noticed an ogre
  1822 | D:4      | Killed an ogre
  1822 | D:4      | Reached skill level 6 in Stealth
  1822 | D:4      | Reached XP level 6. HP: 32/38 MP: 9/9
  2065 | D:4      | Reached skill level 1 in Slings
  2067 | D:4      | Reached skill level 1 in Shields
  2111 | D:4      | Reached skill level 7 in Stealth
  2111 | D:4      | Reached XP level 7. HP: 14/43 MP: 10/10
  2653 | D:5      | Entered Level 5 of the Dungeon
  3027 | D:5      | Reached skill level 5 in Evocations
  3099 | D:5      | Found a glowing silver altar of Zin.
  3891 | D:5      | Reached skill level 8 in Stealth
  3891 | D:5      | Reached XP level 8. HP: 30/48 MP: 11/11
  4195 | D:6      | Slain by an orc warrior

Vault maps used:
D:1:      tarquinn_simple_flora_water_e, minmay_misc_feat_room
D:2:      uniq_natasha
D:3:      hangedman_decor_growths, minmay_item_behind_shaft, led_sif_pool,
          uniq_jessica
D:4:      lightli_sewer_entry_pipes, first_bread
D:5:      basic_altar
D:6:      nicolae_overflow_hidden_temple, bloody_makhleb, uniq_blork_the_orc
Sewer:    sewer_fruit_machine

Action                   |  1- 3 |  4- 6 |  7- 9 || total
-------------------------+-------+-------+-------++-------
Melee: Short sword       |    38 |       |       ||    38
       Dagger            |     2 |    40 |   102 ||   144
       Hunting sling     |       |     2 |       ||     2
 Fire: Hunting sling     |       |    87 |       ||    87
 Abil: Evoke Berserk Rag |       |     1 |       ||     1
Evoke: Wand              |       |     6 |     5 ||    11
  Use: Scroll            |     2 |       |       ||     2
       Potion            |       |     8 |     1 ||     9
 Stab: Sleeping          |     8 |     9 |     3 ||    20
       Distracted        |       |       |     1 ||     1
  Eat: Chunk             |       |     4 |     2 ||     6
       Meat ration       |       |       |     1 ||     1
